 Dungeon Crawl Stone Soup version 0.25.1-2-g60ff931df9 (webtiles) character file.

Game seed: 14602693595397542728

43 Erymatos the Chopper (level 3, 0/34 HPs)
             Began as a Minotaur Berserker on Nov 12, 2020.
             Was a Believer of Trog.
             Slain by a jackal (2 damage)
             ... on level 2 of the Dungeon.
             The game lasted 00:00:54 (1159 turns).

Erymatos the Chopper (Minotaur Berserker)           Turns: 1159, Time: 00:00:54

Health: 0/34       AC:  2    Str: 22    XL:     3   Next: 37%
Magic:  2/2        EV: 12    Int:  4    God:    Trog [**....]
Gold:   24         SH:  0    Dex:  9    Spells: 2/2 levels left

rFire    . . .     SeeInvis .   a - +0 hand axe
rCold    . . .     Gourm    .   (no shield)
rNeg     . . .     Faith    .   b - +0 animal skin
rPois    .         Spirit   .   (helmet restricted)
rElec    .         Reflect  .   (no cloak)
rCorr    .         Harm     .   (no gloves)
MR       .....                  (no boots)
Stlth    +.........             (no amulet)
HPRegen  0.11/turn              (no ring)
MPRegen  0.08/turn              (no ring)

@: berserk cooldown
A: retaliatory headbutt, horns 2
a: Berserk, Trog's Hand, Renounce Religion


You were on level 2 of the Dungeon.
You worshipped Trog.
Trog was pleased with you.
You were not hungry.

You visited 1 branch of the dungeon, and saw 2 of its levels.

You collected 24 gold pieces.

Inventory:

Hand Weapons
 a - a +0 hand axe (weapon)
Armour
 b - a +0 animal skin (worn)
Scrolls
 e - a scroll of remove curse {unknown}
 h - a scroll of amnesia {unknown}
Potions
 f - a potion of invisibility {unknown}
 g - a potion of ambrosia {unknown}
 i - a potion of haste {unknown}
Comestibles
 c - 3 rations


   Skills:
 + Level 4.3 Fighting
 + Level 4.7 Axes
 + Level 2.5 Armour
 + Level 2.3 Dodging


You had 2 spell levels left.
You didn't know any spells.
Your spell library was empty.

Dungeon Overview and Level Annotations

Branches:
Dungeon (2/15)

Altars:

Annotations:
D:2 Sigmund


Innate Abilities, Weirdness & Mutations

You reflexively headbutt those who attack you in melee.
You have a pair of horns on your head.


Message History

You feel yourself speed up. The bat completely misses you.
The bat barely misses you. You furiously retaliate!
You headbutt the bat. The jackal closely misses you. The jackal bites you.
The bat hits you. The jackal bites you. The jackal barely misses you.
Sigmund hits you from afar with a +0 scythe!
* * * LOW HITPOINT WARNING * * *
You are too injured to fight recklessly!
There are monsters nearby!
You are too injured to fight recklessly!
There are monsters nearby!
You are too injured to fight recklessly!
There are monsters nearby!
Unknown command.
You are too injured to fight recklessly!
There are monsters nearby!
You are too injured to fight recklessly!
You're still recovering from your berserk rage.
The bat hits you but does no damage. The jackal bites you.
You die...

#... #.....#...
#...#####.####... ...
.####......#..# ##..
... ...........#.##
#.. ....
#....##.....# #..
..... #.......### #..
.....###....)..####
###
...^...#(#........# #
......gh@...........
#
......b.h...(.......#
#
###............######
# #....#@...#...##
.$..........#....
.#........####.#.
........... ...#
............ ..
##......#..)


You could see Sigmund, 2 jackals, a goblin and a bat.

Vanquished Creatures
  A worm (D:2)
  A dart slug (D:1)
  2 leopard geckos
  5 bats (D:1)
  2 giant cockroaches
  8 hobgoblins
  2 jackals (D:2)
  3 frilled lizards (D:1)
  4 goblins (D:1)
  A kobold (D:1)
  4 rats
33 creatures vanquished.

Notes
Turn   | Place    | Note
-------+----------+-------------------------------------------
     0 | D:1      | Erymatos the Minotaur Berserker began the quest for the
                  | Orb.
     0 | D:1      | Reached XP level 1. HP: 19/19 MP: 0/0
    96 | D:1      | Reached XP level 2. HP: 17/27 MP: 1/1
   955 | D:1      | Reached ** piety under Trog
   957 | D:1      | Reached XP level 3. HP: 22/33 MP: 2/2
  1154 | D:2      | Noticed Sigmund
  1159 | D:2      | Slain by a jackal

Illustrated notes

Levels and vault maps discovered:
D:1:      elethiomel_arrival_infinity_welcomes_careful_drivers, layout_basic
D:2:      layout_rooms, uniq_sigmund

Skill      XL: |  1  2 |
---------------+-------+-----
Axes           | 4 |  4.7
Fighting       | 4 |  4.3
Armour         | |  2.5
Dodging        | |  2.3

Action                   || total
-------------------------++-------
Melee: Hand axe          ||    59
       Headbutt          ||    14
Invok: Berserk           ||     1
  Eat: Chunk             ||     2
Armor: Animal skin       ||    18
Dodge: Dodged            ||    53
